 Seeded DCSS version 0.32-a0-576-g706899e69d (webtiles) character file.

Game seed: 8748892783387413675 (custom seed)

2522 Juicyj the Blocker (level 9, 0/81 HPs)
             Began as a Minotaur Fighter on Mar 1, 2024.
             Was an Initiate of Ashenzari.
             Constricted to death by Maurice (5 damage)
             ... on level 7 of the Dungeon.
             The game lasted 00:12:49 (5379 turns).

Juicyj the Blocker (Minotaur Fighter)               Turns: 5379, Time: 00:12:50

Health: 0/81       AC: 20    Str: 21    XL:     9   Next: 29%
Magic:  2/8        EV: -1    Int:  9    God:    Ashenzari [......]
Gold:   0          SH:  9    Dex: 16    Spells: 8/8 levels left

rFire   . . .        a - +2 war axe (protect)
rCold   . . .        c - +3 buckler
rNeg    . . .        j - +1 crystal plate armour of the Pink Corner {Will+++ Int-2 Dex+6}
rPois   +            (helmet restricted)
rElec   .            (no cloak)
rCorr   .            (no gloves)
SInv    .            (no boots)
Will    +++..        r - amulet of regeneration Stlth
                     q - +5 ring of evasion
HPRegen 1.13/turn    v - ring of poison resistance
MPRegen 0.11/turn

%: random rage (3%)
@: grasped by roots, constricted
A: horns 2, retaliatory headbutt, hooves 1, berserk 1, clever 1
a: Renounce Religion


You were on level 7 of the Dungeon.
You worshipped Ashenzari.
Ashenzari was noncommittal.
You visited 1 branch of the dungeon, and saw 7 of its levels.
You also visited: Sewer.

Inventory:

Hand Weapons
 a - a +2 war axe of protection (weapon)
Armour
 b - a +0 scale mail
 c - a +3 buckler (worn)
 j - the +1 crystal plate armour of the Pink Corner (worn) {Will+++ Int-2 Dex+6}
   (You acquired it on level 1 of the Dungeon)

   Int-2:     It affects your intelligence (-2).
   Dex+6:     It affects your dexterity (+6).
   Will+++:   It greatly increases your willpower.
Jewellery
 q - a +5 ring of evasion (left hand)
 r - an amulet of regeneration (around neck)
 v - a ring of poison resistance (right hand)
Wands
 o - a wand of paralysis (2)
Scrolls
 f - 3 scrolls of noise
 g - 2 scrolls of fog
 k - 2 scrolls of fear
 s - a scroll of vulnerability
 y - a scroll of revelation
 z - a scroll of immolation
Potions
 d - 5 potions of might
 e - 2 potions of cancellation
 h - a potion of brilliance
 l - 2 potions of mutation
 n - a potion of attraction


   Skills:
 + Level 8.1 Fighting
 + Level 7.7 Axes
 + Level 8.2 Armour
 + Level 8.2 Shields
 + Level 1.2 Evocations
 * Level 1.5 Shapeshifting


You had 8 spell levels left.
You didn't know any spells.
Your spell library contained the following spells:

 Spells                   Type           Power      Damage    Failure   Level
 Apportation              Tloc           0%         N/A       100%        1
 Necrotise                Necr           0%         1d4       100%        1
 Sting                    Conj/Alch      0%         1d3       100%        1
 Summon Small Mammal      Summ           0%         N/A       100%        1


Dungeon Overview and Level Annotations

Branches:
Dungeon (7/15)             Temple (0/1) D:5           Sewer (visited)

Altars:
Ashenzari
Cheibriados
Dithmenos
Makhleb
Okawaru
Ru
Uskayaw
Xom
Yredelemnul
Zin

Shops:
D:6 =

Portals:
Bailey: D:7

Annotations:
D:7 Maurice


Innate Abilities, Weirdness & Mutations

You have a pair of horns on your head.
You reflexively headbutt those who attack you in melee.
You have large cloven feet.
You sometimes lose your temper in combat.
Your mind is acute. (Int +4, Str/Dex -1)


Message History

The bullfrog looks frightened!
The scorpion looks frightened!
You feel very sick.
You hear some strange, mumbled words.
The roots lose their grip on you.
You feel very sick.
You feel very sick.
You feel sick.
As you read the scroll of teleportation, it crumbles to dust.
You feel strangely unstable.
You feel sick.
Found a flagged portal.
You feel sick.
You feel sick.
Your surroundings suddenly seem different.
You feel sick.
Maurice mumbles some strange words.
Maurice blinks!
Aiming: Paralyse
Press: ? - help, Q - select action Shift-Dir - straight line, f - Maurice
Aim: Maurice, wielding a +2 dagger of venom, wearing a +0 cloak and carrying a wand of roots (heavily wounded, fleeing, chance to affect: 34%)
Your attack snaps Maurice out of his fear.
Maurice easily resists.
You feel sick.
Maurice zaps a wand.
The roots erupt in riotous growth!
The grasping roots grab you! The grasping roots constrict you.
* * * LOW HITPOINT WARNING * * *
You hear a shout! x4
Aiming: Paralyse
Press: ? - help, Q - select action Shift-Dir - straight line, f/p - Maurice
Aim: Maurice, wielding a +2 dagger of venom, wearing a +0 cloak and carrying a wand of roots (heavily wounded, chance to affect: 34%) Maurice easily resists.
You feel sick. The grasping roots constrict you.
* * * LOW HITPOINT WARNING * * *
Aiming: Paralyse
Press: ? - help, Q - select action Shift-Dir - straight line, f/p - Maurice
Aim: Maurice, wielding a +2 dagger of venom, wearing a +0 cloak and carrying a wand of roots (heavily wounded, chance to affect: 34%) Maurice easily resists.
You recover from your berserk rage.
You feel sick.
You are no longer poisoned.
The grasping roots constrict you.
You die...

..≈##.##≈.##.#.......##.....
..≈≈≈.≈≈≈....#.......+..≈~~
..........##.#.......##.~#
..≈≈≈.≈≈≈###.#.......##.~#
.∩# ..≈##.##≈#
###.......)).~# ...#
..≈#≈.≈#≈#
#.....f)#).(##(''##
..≈#≈_≈#≈#
#.......#..~)≈≈~≈≈≈
..≈#≈≈≈#≈#
#.......#..~≈(~~≈~~
..≈#####≈#
#..@....#......).s. ..≈≈≈
≈≈# #..$....######.....
###### ######### ..... ....
.... ..#


You could see Maurice.

Vanquished Creatures
  Grinder (D:6)
  A steam dragon (D:7)
  2 ice beasts
  A black bear (D:6)
  3 ogres
  A phantom (D:4)
  2 kobold brigands
  2 brain worms (Sewer)
  A bullfrog (D:6)
  A gnoll sergeant (D:5)
  3 scorpions
  5 killer bees (D:7)
  A howler monkey (D:6)
  A lava snake (D:7)
  A jelly (D:5)
  A hound (D:4)
  2 orc priests
  3 sleepcaps
  Jessica (D:3)
  3 iguanas
  Ijyb (D:2)
  2 orc wizards (D:4)
  Robin (D:2)
  9 gnolls
  3 river rats (Sewer)
  10 adders
  A shadow imp (D:5)
  A white imp (D:5)
  3 dart slugs
  4 ribbon worms
  19 orcs
  2 ball pythons
  3 bats
  10 endoplasms
  5 giant cockroaches
  19 goblins
  6 hobgoblins
  2 jackals (Sewer)
  8 quokkas
  6 frilled lizards
  12 kobolds
  5 rats
  A butterfly (D:5)
169 creatures vanquished.

Vanquished Creatures (others)
  2 orc warriors (D:7)
  A centaur (D:7)
  An orc (D:7)
  A goblin (D:7)
  A hobgoblin (D:7)
6 creatures vanquished.

Grand Total: 175 creatures vanquished

Notes
Turn   | Place    | Note
-------+----------+-------------------------------------------
     0 | D:1      | Juicyj the Minotaur Fighter began the quest for the Orb.
     0 | D:1      | Reached XP level 1. HP: 19/19 MP: 0/0
   135 | D:1      | Reached XP level 2. HP: 22/27 MP: 1/1
   436 | D:1      | Identified a scroll of acquirement
   436 | D:1      | Acquired the +1 crystal plate armour of the Pink Corner
                  | {Will+++ Int-2 Dex+6}
   556 | D:2      | Noticed Robin
   566 | D:2      | Reached XP level 3. HP: 33/33 MP: 2/2
   566 | D:2      | Killed Robin
   821 | D:2      | Noticed Ijyb
   831 | D:2      | Killed Ijyb
   832 | D:2      | Reached XP level 4. HP: 33/41 MP: 3/3
   998 | D:2      | Found a snail-covered altar of Cheibriados.
  1201 | D:3      | Found a basalt altar of Yredelemnul.
  1201 | D:3      | Noticed Jessica
  1209 | D:3      | Killed Jessica
  1254 | D:3      | Reached XP level 5. HP: 14/47 MP: 4/4
  1459 | D:3      | Found a hide-covered altar of Uskayaw.
  1660 | D:3      | Reached skill level 5 in Armour
  1660 | D:3      | Reached skill level 5 in Shields
  1848 | D:3      | Found an iron altar of Okawaru.
  1853 | D:3      | Reached skill level 5 in Fighting
  2278 | D:4      | Reached XP level 6. HP: 56/56 MP: 5/5
  2393 | D:4      | Found a glowing drain.
  2409 | Sewer    | Entered a sewer
  2426 | Sewer    | Reached skill level 5 in Axes
  2449 | Sewer    | Reached XP level 7. HP: 52/62 MP: 6/6
  2793 | Sewer    | Gained mutation: You have large cloven feet. [potion of
                  | mutation]
  2793 | Sewer    | Gained mutation: Your mind is acute. (Int +4, Str/Dex -1)
                  | [potion of mutation]
  2793 | Sewer    | Gained mutation: You sometimes lose your temper in combat.
                  | [potion of mutation]
  3890 | D:5      | Entered Level 5 of the Dungeon
  3901 | D:5      | Found a burning altar of Makhleb.
  3974 | D:5      | Reached XP level 8. HP: 59/71 MP: 7/7
  4092 | D:5      | Found a staircase to the Ecumenical Temple.
  4419 | D:5      | Found a shadowy altar of Dithmenos.
  4468 | D:5      | Found a broken altar of Ashenzari.
  4476 | D:5      | Identified the +0 robe "Mischiedd" {rN+++ Str-5 Slay+2}
  4481 | D:5      | Became a worshipper of Ashenzari the Shackled
  4556 | D:6      | Noticed Grinder
  4722 | D:6      | Killed Grinder
  4910 | D:6      | You fall into a shaft and drop 1 floor!
  4921 | D:7      | Found a sacrificial altar of Ru.
  4921 | D:7      | Found a glowing silver altar of Zin.
  4930 | D:7      | Reached XP level 9. HP: 60/81 MP: 8/8
  4967 | D:6      | Found Opnuihokh's Jewellery Shoppe.
  5262 | D:7      | Found a shimmering altar of Xom.
  5331 | D:7      | Reached skill level 1 in Shapeshifting
  5337 | D:7      | Reached skill level 1 in Evocations
  5337 | D:7      | Noticed Maurice
  5350 | D:7      | Maurice stole a throwing net
  5356 | D:7      | Something stole 248 gold
  5367 | D:7      | HP: 3/81 [poisoned by Maurice]
  5374 | D:7      | Found a flagged portal.
  5379 | D:7      | Constricted to death by Maurice

Illustrated notes

Levels and vault maps discovered:
D:1:      evilmike_arrival_plus, layout_rooms, hangedman_decor_opposing
D:2:      kennysheep_the_goblin_king, layout_basic, basic_altar, uniq_robin
D:3:      layout_basic, nicolae_overflow_crystal_walls,
          mainiacjoe_overflow_alcove_2, mainiacjoe_overflow_cross_hatched,
          hellmonk_no_cap, uniq_jessica
D:4:      kennysheep_spiral_hall, layout_basic, portal_sewer_entry_f,
          kennysheep_generic_room_15
D:5:      layout_loops_ring, nicolae_dithmenos_through_a_glass_darkly,
          lemuel_round_altar, lemuel_crystal_altar,
          minmay_temple_entry_butterflies
D:6:      layout_basic, serial_shops, shop, uniq_grinder
D:7:      layout_basic, xom_confusion_cloud, nicolae_vehumet_altar_sigil,
          lemuel_crystal_altar, nicolae_overflow_two_pavilions, enter_bailey_4,
          minivault_26, uniq_maurice

Skill      XL: |  1  2  3  4  5  6  7  8  9 |
---------------+----------------------------+-----
Fighting       | 4 5 6 7 8 |  8.1
Shields        | 4 5 6 8 |  8.2
Armour         | 4 5 6 7 8 |  8.2
Axes           | 3 4 5 6 7 |  7.7
Shapeshifting  | 1 |  1.5
Evocations     | 1 |  1.2

Action                     |  1- 3 |  4- 6 |  7- 9 || total
---------------------------+-------+-------+-------++-------
  Melee: War axe           |    63 |   123 |   209 ||   395
         Headbutt          |     6 |    32 |    36 ||    74
         Kick              |       |       |    49 ||    49
  Evoke: Wand              |       |     1 |     3 ||     4
    Use: Scroll            |     1 |    11 |     7 ||    19
         Potion            |       |     3 |     6 ||     9
 Armour: Scale mail        |    16 |       |       ||    16
         Crystal plate arm |    54 |   128 |   228 ||   410
  Dodge: Dodged            |    11 |    22 |    57 ||    90
  Block: Buckler           |    14 |    44 |   123 ||   181

Table legend: (Time is in decaauts)
 A = Elapsed time spent in this place.
 B = Non-inter-level travel time spent in this place.
 C = Inter-level travel time spent in this place.
 D = Time resting spent in this place.
 E = Time spent auto-exploring this place.
 F = Levels seen in this place.
 G = Mean time per level.
                   A        B        C        D        E       F      G
               +--------+--------+--------+--------+--------+-----+--------+
         Total |   5693 |   5517 |    176 |    331 |   4036 |   8 |  711.6 |
       Dungeon |   4789 |   4613 |    176 |    173 |   3464 |   7 |  684.1 |
         Sewer |    903 |    903 |      0 |    158 |    572 |   1 |  903.0 |
               +--------+--------+--------+--------+--------+-----+--------+

Top non-repeatable levels by time:
     D:4: 1032 daAuts
     D:3: 1026 daAuts
   Sewer: 903 daAuts
     D:5: 852 daAuts
     D:2: 721 daAuts
     D:6: 556 daAuts
     D:1: 468 daAuts
     D:7: 131 daAuts
